 Dungeon Crawl Stone Soup version 0.21.1 (webtiles) character file.

9423 inmateoo the Covert (level 11, -2/86 HPs)
             Began as a Gnoll Wanderer on Feb 5, 2018.
             Was the Champion of Okawaru.
             Killed from afar by an orc (13 damage)
             ... with a wand of acid (6)
             ... on level 10 of the Dungeon.
             The game lasted 00:16:42 (10339 turns).

inmateoo the Covert (Gnoll Wanderer)               Turns: 10339, Time: 00:16:42

Health: -2/86      AC:  8    Str: 16    XL:     11   Next: 46%
Magic:  20/20      EV: 14    Int: 12    God:    Okawaru [******]
Gold:   285        SH:  0    Dex: 22    Spells: 11/22 levels left

rFire    . . .     SeeInvis .   E - +2 hand axe (elec)
rCold    . . .     Gourm    .   (no shield)
rNeg     . . .     Faith    .   i - +2 scale mail {MR+}
rPois    .         Spirit   .   N - +0 helmet
rElec    .         Reflect  .   Q - scarf {repulsion}
rCorr    .         Harm     .   x - +0 pair of gloves {Dex+3}
MR       +....                  (no boots)
Stlth    +++.......             q - amulet of rage
HPRegen  0.24/turn              C - ring of wizardry
MPRegen  0.17/turn              (no ring)

@: corroded, repel missiles
A: distributed training, fangs 1, strong nose
a: Heroism, Finesse, Renounce Religion, Evoke Berserk Rage


You were on level 10 of the Dungeon.
You worshipped Okawaru.
Okawaru was exalted by your worship.
You were not hungry.

You visited 1 branch of the dungeon, and saw 10 of its levels.

You collected 475 gold pieces.
You spent 190 gold pieces at shops.

Inventory:

Hand Weapons
 a - a +3 short sword
 E - a +2 hand axe of electrocution (weapon)
 T - a +1 flail of holy wrath
Missiles
 h - 3 javelins (quivered)
 F - 115 stones
 M - 40 sling bullets
 R - 8 poisoned tomahawks
Armour
 i - a +2 scale mail of magic resistance (worn)
 p - a +3 leather armour of positive energy
 x - a +0 pair of gloves of dexterity (worn)
 N - a +0 helmet (worn)
 Q - a scarf of repulsion (worn)
Jewellery
 q - an amulet of rage (around neck)
 y - an uncursed amulet of harm {unknown}
 C - a ring of wizardry (left hand)
Wands
 g - a wand of random effects (5)
 z - a wand of scattershot (2)
 D - a wand of paralysis (1)
 J - a wand of flame (1)
Scrolls
 c - 8 scrolls of teleportation
 j - 3 scrolls of fog
 t - 3 scrolls of amnesia
 v - 3 scrolls of fear
 w - a scroll of magic mapping
 B - 4 scrolls of remove curse
 K - 2 scrolls of blinking
 O - a scroll of enchant armour
Potions
 b - a potion of lignification
 d - 5 potions of might
 e - 4 potions of heal wounds
 k - 5 potions of curing
 l - 2 potions of magic
 m - 3 potions of agility
 o - a potion of berserk rage
 r - 3 potions of flight {unknown}
 s - a potion of cancellation {unknown}
 u - a potion of resistance {unknown}
 A - 3 potions of haste
 G - 2 potions of mutation
 L - a potion of ambrosia
Books
 n - a book of Geomancy

   Spells                             Type                      Level
   a - Sandblast                      Earth                        1
   b - Passwall                       Transmutation/Earth          2
   c - Stone Arrow                    Conjuration/Earth            3
   d - Petrify                        Transmutation/Earth          4
   e - Lee's Rapid Deconstruction     Earth                        5
 P - a book of the Earth

   Spells                             Type                      Level
   a - Leda's Liquefaction            Hexes/Earth                  4
   b - Bolt of Magma                  Conjuration/Fire/Earth       5
   c - Statue Form                    Transmutation/Earth          6
   d - Iron Shot                      Conjuration/Earth            6
   e - Shatter                        Earth                        9
Comestibles
 f - 29 rations
 S - 2 chunks of flesh


   Skills:
 + Level 7.8 Fighting
 + Level 7.8 Short Blades
 + Level 6.2 Long Blades
 + Level 6.2 Axes
 + Level 6.2 Maces & Flails
 + Level 6.2 Polearms
 + Level 6.2 Staves
 + Level 6.2 Slings
 + Level 7.8 Bows
 + Level 6.2 Crossbows
 + Level 6.2 Throwing
 + Level 6.8 Armour
 + Level 6.2 Dodging
 + Level 8.7 Stealth
 + Level 6.2 Shields
 + Level 6.2 Unarmed Combat
 + Level 6.2 Spellcasting
 + Level 5.1 Conjurations
 + Level 5.1 Hexes
 + Level 5.1 Charms
 + Level 5.1 Summonings
 + Level 5.1 Necromancy
 + Level 5.1 Translocations
 + Level 5.1 Transmutations
 + Level 5.1 Fire Magic
 + Level 5.1 Ice Magic
 + Level 5.1 Air Magic
 + Level 5.1 Earth Magic
 + Level 5.1 Poison Magic
 + Level 6.8 Invocations
 + Level 6.2 Evocations


You had 11 spell levels left.
You knew the following spells:

 Your Spells              Type           Power        Failure   Level  Hunger
a - Sandblast             Erth           ###...       2%          1    None
b - Passwall              Tmut/Erth      ###.......   4%          2    ##.....
c - Stone Arrow           Conj/Erth      ###...       9%          3    ###....
d - Lee's Rapid Deconstr  Erth           ###.......   56%         5    ######.


Dungeon Overview and Level Annotations

Branches:
Dungeon (10/15)            Temple (0/1) D:4            Lair (0/6) D:9
    Orc (0/2) D:10

Altars:
Cheibriados
Dithmenos
Fedhas
Gozag
Nemelex Xobeh
Okawaru
Qazlal
Ru
Sif Muna
Trog
Vehumet
Xom
Zin
The Shining One
Beogh

Shops:
D:4 *

Annotations:
D:9 exclusion: 2 doors


Innate Abilities, Weirdness & Mutations

Your experience applies equally to all skills.
You have very sharp teeth.
Your uncanny sense of smell can sniff out nearby items.


Message History

Lightning courses through the orc priest!
You kill the orc priest!
Okawaru accepts your kill.
You barely miss the orc.
The orc zaps a wand.
The bolt of acid is repelled.
Unknown command.
You hit the orc.
The orc is almost dead.
The orc zaps a wand.
The bolt of acid hits you!
* * * LOW HITPOINT WARNING * * *
You are splashed with acid!
The acid burns!
* * * LOW HITPOINT WARNING * * *
Unknown command.
You hit the orc but do no damage. Your bite misses the orc.
The orc is almost dead.
The orc hits you but does no damage.
Unknown command.
You hit the orc but do no damage.
The orc is almost dead.
The orc zaps a wand.
The bolt of acid hits you!
You die...

##########.##.# #...#.#.#
...........##.# #...#.#.#
#############.# #...#.#.#
####...#.(..#.# #...#.#.#
#......)....#.###
#...#.#.#
#.##...#(...#.#.#######
#...#.#.#
#.##)..##'###.#.#.....#
#...#.#.#
#[##...##.#.....8.....#
#####.#.#
#.##...##)#.....@[....#
#..(.
#.#######)#...((8o.⌠..#
###.# #.#
####)#.....#o....# #.# #.#
#..........#.....# #.. #.#
#..........#8._.># #.. #.#
#.....##.#.#.....# #..
#.#######.###.#.#.....####
#.. #.......#.#
#...8..⌠..#..# #..
#######.#.# #...'. #..###
#..


You could see 2 orcs.

Vanquished Creatures
  2 two-headed ogres
  The ghost of SaintRoka the Covert, a novice NaFE of Makhleb (D:8)
  Nergalle (D:10)
  An unseen horror (D:10)
  Maurice (D:8)
  A komodo dragon (D:9)
  Grinder (D:6)
  A hippogriff (D:10)
  5 yaks
  A wyvern (D:8)
  A hungry ghost (D:7)
  2 water moccasins
  2 ice beasts (D:7)
  5 ogres
  7 orc warriors
  2 phantoms
  A black bear (D:8)
  A necrophage (D:6)
  2 sky beasts
  An eye of draining (D:8)
  4 centaurs
  A crocodile (D:10)
  A big kobold (D:8)
  4 bullfrogs
  2 scorpions
  4 killer bees (D:10)
  2 electric eels (D:3)
  2 howler monkeys
  4 crimson imps
  2 lava snakes (D:9)
  A bullfrog zombie (D:6)
  3 bullfrog skeletons
  3 hounds
  A jelly (D:8)
  A centaur skeleton (D:6)
  7 orc priests
  An iron imp (D:6)
  Jessica (D:3)
  Terence (D:2)
  4 orc wizards
  An iguana (D:7)
  4 worker ants
  3 hound zombies
  3 hound skeletons
  15 adders
  3 shadow imps
  An ooze (D:1)
  An adder zombie (D:8)
  An adder skeleton (D:5)
  A worm (D:4)
  2 dart slugs (D:3)
  5 leopard geckos
  27 orcs
  5 giant cockroaches
  4 hobgoblins
  12 jackals
  3 quokkas
  A ball python (D:1)
  11 bats
  3 frilled lizards (D:2)
  7 goblins
  2 jackal skeletons
  4 kobolds
  2 leopard gecko zombies
  2 quokka skeletons
  A quokka zombie (D:5)
  12 rats
224 creatures vanquished.

Notes
Turn   | Place    | Note
-------+----------+-------------------------------------------
     0 | D:1      | inmateoo the Gnoll Wanderer began the quest for the Orb.
     0 | D:1      | inmateoo set off with: a +2 short sword, a potion of lignification, a scroll of teleportation, a +0 robe, a +0 dagger, a ration
     0 | D:1      | Reached XP level 1. HP: 20/20 MP: 1/1
    85 | D:1      | Reached XP level 2. HP: 23/26 MP: 2/2
   475 | D:1      | Reached XP level 3. HP: 17/31 MP: 3/3
   624 | D:2      | Found a radiant altar of Vehumet.
   645 | D:2      | Reached skill level 6 in Stealth
   822 | D:2      | Noticed Terence
   829 | D:2      | Killed Terence
   829 | D:2      | Reached skill level 1 in Long Blades
   829 | D:2      | Reached skill level 1 in Axes
   829 | D:2      | Reached skill level 1 in Maces & Flails
   829 | D:2      | Reached skill level 1 in Polearms
   829 | D:2      | Reached skill level 1 in Staves
   829 | D:2      | Reached skill level 1 in Slings
   829 | D:2      | Reached skill level 1 in Crossbows
   829 | D:2      | Reached skill level 1 in Throwing
   829 | D:2      | Reached skill level 1 in Dodging
   829 | D:2      | Reached skill level 1 in Shields
   829 | D:2      | Reached skill level 1 in Unarmed Combat
   829 | D:2      | Reached skill level 1 in Spellcasting
   829 | D:2      | Reached skill level 1 in Invocations
   829 | D:2      | Reached skill level 1 in Evocations
   829 | D:2      | Reached XP level 4. HP: 38/38 MP: 5/5
   832 | D:2      | Found a shadowy altar of Dithmenos.
  1180 | D:2      | Reached skill level 1 in Conjurations
  1180 | D:2      | Reached skill level 1 in Hexes
  1180 | D:2      | Reached skill level 1 in Charms
  1180 | D:2      | Reached skill level 1 in Summonings
  1180 | D:2      | Reached skill level 1 in Necromancy
  1180 | D:2      | Reached skill level 1 in Translocations
  1180 | D:2      | Reached skill level 1 in Transmutations
  1180 | D:2      | Reached skill level 1 in Fire Magic
  1180 | D:2      | Reached skill level 1 in Ice Magic
  1180 | D:2      | Reached skill level 1 in Air Magic
  1180 | D:2      | Reached skill level 1 in Earth Magic
  1180 | D:2      | Reached skill level 1 in Poison Magic
  1445 | D:3      | Found a transporter.
  1546 | D:3      | Found a transporter.
  1575 | D:3      | Reached XP level 5. HP: 43/43 MP: 6/6
  1615 | D:3      | Noticed Jessica
  1618 | D:3      | Killed Jessica
  1720 | D:3      | Found an iron altar of Okawaru.
  1721 | D:3      | Noticed a phantom
  1728 | D:3      | Became a worshipper of Warmaster Okawaru
  1756 | D:3      | Killed a phantom
  1756 | D:3      | Reached XP level 6. HP: 24/50 MP: 8/8
  2056 | D:3      | Reached skill level 5 in Fighting
  2056 | D:3      | Reached skill level 5 in Short Blades
  2056 | D:3      | Reached skill level 5 in Bows
  2149 | D:4      | Found Ducac's Assorted Antiques.
  2291 | D:4      | Bought a pair of runed gloves for 150 gold pieces
  2291 | D:4      | Bought a scroll labeled ZOCUWK WUSU for 20 gold pieces
  2291 | D:4      | Bought a scroll labeled HOHIRAU IDWYET for 20 gold pieces
  2693 | D:4      | Found a staircase to the Ecumenical Temple.
  2759 | D:4      | Noticed a phantom
  2799 | D:4      | Killed a phantom
  2799 | D:4      | Reached * piety under Okawaru
  2799 | D:4      | Reached XP level 7. HP: 41/56 MP: 10/10
  3158 | D:5      | Entered Level 5 of the Dungeon
  3159 | D:5      | Found a stormy altar of Qazlal.
  3588 | D:6      | Noticed Grinder
  3617 | D:6      | Killed Grinder
  3617 | D:6      | Reached ** piety under Okawaru
  3617 | D:6      | Reached XP level 8. HP: 63/63 MP: 12/12
  4189 | D:6      | Learned a level 1 spell: Sandblast
  4192 | D:6      | Learned a level 2 spell: Passwall
  4196 | D:6      | Learned a level 3 spell: Stone Arrow
  4202 | D:6      | Learned a level 5 spell: Lee's Rapid Deconstruction
  4277 | D:6      | Found a deep blue altar of Sif Muna.
  4335 | D:6      | Found a snail-covered altar of Cheibriados.
  4451 | D:6      | Reached skill level 7 in Stealth
  4750 | D:6      | Found a sparkling altar of Nemelex Xobeh.
  4770 | D:6      | Found an opulent altar of Gozag.
  4935 | D:7      | Reached *** piety under Okawaru
  4949 | D:7      | Reached XP level 9. HP: 26/69 MP: 14/14
  5191 | D:7      | Found a blossoming altar of Fedhas.
  5490 | D:7      | Found a glowing silver altar of Zin.
  5510 | D:7      | Noticed a two-headed ogre
  5521 | D:7      | Killed a two-headed ogre
  5521 | D:7      | Reached **** piety under Okawaru
  5521 | D:7      | Reached skill level 5 in Armour
  5858 | D:7      | Found a shimmering altar of Xom.
  6044 | D:7      | Noticed a moth of wrath
  6047 | D:7      | Found a bloodstained altar of Trog.
  6165 | D:8      | Noticed Maurice
  6185 | D:8      | Reached skill level 5 in Invocations
  6186 | D:8      | Killed Maurice
  6186 | D:8      | Reached XP level 10. HP: 74/77 MP: 15/17
  6317 | D:8      | Noticed SaintRoka's ghost (novice NaFE)
  6326 | D:8      | Killed SaintRoka's ghost
  6326 | D:8      | Reached ***** piety under Okawaru
  6326 | D:8      | Reached skill level 5 in Long Blades
  6326 | D:8      | Reached skill level 5 in Axes
  6326 | D:8      | Reached skill level 5 in Maces & Flails
  6326 | D:8      | Reached skill level 5 in Polearms
  6326 | D:8      | Reached skill level 5 in Staves
  6326 | D:8      | Reached skill level 5 in Slings
  6326 | D:8      | Reached skill level 5 in Crossbows
  6326 | D:8      | Reached skill level 5 in Throwing
  6326 | D:8      | Reached skill level 5 in Dodging
  6326 | D:8      | Reached skill level 5 in Shields
  6326 | D:8      | Reached skill level 5 in Unarmed Combat
  6326 | D:8      | Reached skill level 5 in Spellcasting
  6326 | D:8      | Reached skill level 5 in Evocations
  6555 | D:8      | Found a sparkling altar of Nemelex Xobeh.
  6561 | D:8      | Noticed a two-headed ogre
  6585 | D:8      | Killed a two-headed ogre
  6585 | D:8      | Reached skill level 8 in Stealth
  6663 | D:8      | Received a gift from Okawaru
  6695 | D:8      | Found a glowing golden altar of the Shining One.
  7212 | D:9      | Found a sacrificial altar of Ru.
  7832 | D:9      | Reached XP level 11. HP: 83/84 MP: 19/19
  7951 | D:9      | Found a staircase to the Lair.
  8198 | D:10     | Entered Level 10 of the Dungeon
  8592 | D:10     | Noticed Nergalle
  8619 | D:10     | Killed Nergalle
  9004 | D:10     | Killed an unseen horror
  9004 | D:10     | Reached skill level 5 in Conjurations
  9004 | D:10     | Reached skill level 5 in Hexes
  9004 | D:10     | Reached skill level 5 in Charms
  9004 | D:10     | Reached skill level 5 in Summonings
  9004 | D:10     | Reached skill level 5 in Necromancy
  9004 | D:10     | Reached skill level 5 in Translocations
  9004 | D:10     | Reached skill level 5 in Transmutations
  9004 | D:10     | Reached skill level 5 in Fire Magic
  9004 | D:10     | Reached skill level 5 in Ice Magic
  9004 | D:10     | Reached skill level 5 in Air Magic
  9004 | D:10     | Reached skill level 5 in Earth Magic
  9004 | D:10     | Reached skill level 5 in Poison Magic
  9589 | D:10     | Reached ****** piety under Okawaru
  9589 | D:10     | Received a gift from Okawaru
  9752 | D:10     | Found a staircase to the Orcish Mines.
  9753 | D:10     | Found a roughly hewn altar of Beogh.
 10339 | D:10     | Killed from afar by an orc

Skill      XL: |  1  2  3  4  5  6  7  8  9 10 11 |
---------------+----------------------------------+-----
Stealth        | 6 7 8 |  8.7
Long Blades    | 1 2 3 4 5 6 |  6.2
Axes           | 1 2 3 4 5 6 |  6.2
Maces & Flails | 1 2 3 4 5 6 |  6.2
Polearms       | 1 2 3 4 5 6 |  6.2
Staves         | 1 2 3 4 5 6 |  6.2
Slings         | 1 2 3 4 5 6 |  6.2
Crossbows      | 1 2 3 4 5 6 |  6.2
Throwing       | 1 2 3 4 5 6 |  6.2
Dodging        | 1 2 3 4 5 6 |  6.2
Shields        | 1 2 3 4 5 6 |  6.2
Unarmed Combat | 1 2 3 4 5 6 |  6.2
Spellcasting   | 1 2 3 4 5 6 |  6.2
Invocations    | 1 2 3 4 5 6 |  6.8
Evocations     | 1 2 3 4 5 6 |  6.2
Conjurations   | 1 2 3 4 5 |  5.1
Hexes          | 1 2 3 4 5 |  5.1
Charms         | 1 2 3 4 5 |  5.1
Summonings     | 1 2 3 4 5 |  5.1
Necromancy     | 1 2 3 4 5 |  5.1
Translocations | 1 2 3 4 5 |  5.1
Transmutations | 1 2 3 4 5 |  5.1
Fire Magic     | 1 2 3 4 5 |  5.1
Ice Magic      | 1 2 3 4 5 |  5.1
Air Magic      | 1 2 3 4 5 |  5.1
Earth Magic    | 1 2 3 4 5 |  5.1
Poison Magic   | 1 2 3 4 5 |  5.1
Armour         | 3 4 5 6 |  6.8
Fighting       | 5 6 7 |  7.8
Short Blades   | 5 6 7 |  7.8
Bows           | 5 6 7 |  7.8

Action                   |  1- 3 |  4- 6 |  7- 9 | 10-12 || total
-------------------------+-------+-------+-------+-------++-------
Melee: Short sword       |    89 |   117 |   275 |    48 ||   529
       Bite              |     6 |    22 |    53 |    57 ||   138
       Punch             |       |       |     7 |     9 ||    16
       Hand axe          |       |       |       |   253 ||   253
Throw: Javelin           |       |     3 |     3 |       ||     6
 Cast: Stone Arrow       |       |       |       |     3 ||     3
Evoke: Wand              |       |     4 |    26 |    31 ||    61
  Use: Scroll            |       |     9 |     7 |     5 ||    21
       Potion            |       |       |     2 |       ||     2
 Stab: Sleeping          |     9 |     9 |     4 |     8 ||    30
       Paralysed         |       |       |     5 |     6 ||    11
       Distracted        |       |       |       |     2 ||     2
  Eat: Chunk             |       |     6 |    11 |     8 ||    25
       Ration            |       |       |       |     2 ||     2
Armor: Leather armour    |    24 |    18 |       |       ||    42
       Scale mail        |       |     7 |   119 |   122 ||   248
Dodge: Dodged            |    39 |    49 |   139 |   172 ||   399
       Deflected         |       |       |       |     1 ||     1
